 Dungeon Crawl Stone Soup version 0.19-a0-1216-g363869b (webtiles) character file.

133 inmateoo the Insei (level 5, -8/26 HPs)
             Began as a Vine Stalker Transmuter on Aug 23, 2016.
             Was an Initiate of Okawaru.
             Killed by divine providence
             ... invoked by an orc priest
              (13 damage)
             ... on level 4 of the Dungeon.
             The game lasted 00:02:16 (2481 turns).

inmateoo the Insei (Vine Stalker Transmuter)        Turns: 2481, Time: 00:02:17

Health: -8/26      AC: 10    Str: 12    XL:     5   Next: 16%
Magic:  0/9        EV:  8    Int: 13    God:    Okawaru [......]
Gold:   133        SH:  0    Dex: 21    Spells: 1 memorised, 7 levels left

rFire  . . .     SeeInvis .       - Unarmed
rCold  . . .     Gourm    .     h - +0 plate armour
rNeg   . . .     Faith    .     (no shield)
rPois  .         Spirit   +     (no helmet)
rElec  .         Dismiss  .     (no cloak)
rCorr  .         Reflect  .     (no gloves)
MR     .....     Harm     .     (no boots)
Stlth  ..........               (no amulet)
                                (no ring)
                                (no ring)

@: agile, flying
A: fangs 2, regeneration 1, magic shield, antimagic bite, no device heal 3, rot
immunity
a: Renounce Religion


You were on level 4 of the Dungeon.
You worshipped Okawaru.
Okawaru was noncommittal.
You were very hungry.

You visited 1 branch of the dungeon, and saw 4 of its levels.

You collected 133 gold pieces.

Inventory:

Hand Weapons
 n - a +0 trident of protection
Missiles
 a - 31 arrows
Armour
 h - a +0 plate armour (worn)
Scrolls
 b - 3 scrolls of identify {unknown}
 g - a scroll of fear {unknown}
 j - a scroll of random uselessness {unknown}
 k - 2 scrolls of remove curse {unknown}
 o - a scroll of amnesia {unknown}
 q - a scroll of enchant armour {unknown}
 r - a scroll of magic mapping {unknown}
 s - a scroll of blinking {unknown}
Potions
 f - a potion of curing
Books
 c - a book of Changes

   Spells                             Type                      Level
   a - Beastly Appendage              Transmutation                1
   b - Sticks to Snakes               Transmutation                2
   c - Spider Form                    Transmutation/Poison         3
   d - Ice Form                       Ice/Transmutation            4
   e - Blade Hands                    Transmutation                5
Comestibles
 d - a bread ration
 i - a beef jerky
 t - a meat ration


   Skills:
 + Level 1.6 Fighting
 + Level 1.3 Armour
 + Level 2.2 Dodging
 * Level 4.5 Unarmed Combat
 - Level 2.1 Spellcasting
 - Level 2.0 Transmutations


You had 7 spell levels left.
You knew the following spells:

 Your Spells              Type           Power        Failure   Level  Hunger
a - Beastly Appendage     Tmut           #.....       100%        1    ##.....


Dungeon Overview and Level Annotations

Branches:
Dungeon (4/15)
 Temple: D:4-7

Altars:
Okawaru

Annotations:
D:4 Edmund


Innate Abilities, Weirdness & Mutations

You have extremely sharp teeth.
Your natural rate of healing is unusually fast.
When hurt, damage is shared between your health and your magic reserves.
Your bite disrupts and absorbs the magic of your enemies.
Potions and wands cannot restore your health.
You are immune to rotting.


Message History

Unknown command.
Unknown command.
Unknown command.
The orc hits you but does no damage. x2
Edmund says, "I might not be good at magic, but I can still kill you!"
The orc hits you but does no damage. The orc misses you.
Edmund barely misses you. The orc barely misses you.
The orc priest calls down the wrath of Beogh upon you.
Beogh smites you!
* * * LOW HITPOINT WARNING * * *
An orc and an orc priest come into view.
The orc priest shouts!
An orc wizard comes into view. It is wielding a dagger of venom.
An orc comes into view. It is wielding a short sword.
The orc wizard shouts!
The orc shouts!
The orc priest calls down the wrath of Beogh upon you.
Beogh smites you!
Ouch! That really hurt!
You die...

..........o...
..........oo.
.......o.###
.$......#⌠#
.......###
.........
##........
#.@# ##.##
#.@# ##.##
#o.# ##o##
#..# ##o##
#####o##


You could see Edmund, 2 orc priests, an orc wizard and 4 orcs.

Vanquished Creatures
  A hound (D:3)
  4 adders
  An ooze (D:1)
  A worm (D:3)
  2 dart slugs
  4 giant geckos
  4 orcs (D:3)
  2 giant cockroaches
  4 hobgoblins
  3 jackals (D:2)
  5 kobolds
  A ball python (D:2)
  4 bats
  4 giant newts
  3 goblins
  5 rats
48 creatures vanquished.

Notes
Turn   | Place    | Note
-------+----------+-------------------------------------------
     0 | D:1      | inmateoo the Vine Stalker Transmuter began the quest for the Orb.
     0 | D:1      | Reached XP level 1. HP: 9/9 MP: 4/4
   208 | D:1      | Reached skill level 1 in Fighting
   208 | D:1      | Reached XP level 2. HP: 14/14 MP: 6/6
   923 | D:2      | Reached XP level 3. HP: 18/18 MP: 7/7
  1135 | D:2      | Reached skill level 1 in Armour
  1285 | D:2      | Reached skill level 4 in Unarmed Combat
  1285 | D:2      | Gained mutation: Your natural rate of healing is unusually fast. [Vine Stalker growth]
  1285 | D:2      | Reached XP level 4. HP: 12/22 MP: 6/8
  1894 | D:3      | Found an iron altar of Okawaru.
  2056 | D:3      | Became a worshipper of Warmaster Okawaru
  2256 | D:3      | Reached XP level 5. HP: 19/26 MP: 5/9
  2455 | D:4      | Noticed Edmund
  2481 | D:4      | Killed from afar by an orc priest

Vault maps used:
D:1:      dpeg_arrival_refuge, minmay_misc_feat_iff
D:3:      okawaru_trees_1
D:4:      feat_on_display, uniq_grinder, uniq_edmund

Skill      XL: |  1  2  3  4 |
---------------+-------------+-----
Fighting       | 1 |  1.6
Armour         | 1 |  1.3
Unarmed Combat | 4 |  4.5
Dodging        | 2 |  2.2
Spellcasting   | |  2.1
Transmutations | |  2.0

Action                   |  1- 3 |  4- 6 || total
-------------------------+-------+-------++-------
Melee: Unarmed           |    94 |    93 ||   187
       Bite              |    27 |    27 ||    54
       Headbutt          |     2 |       ||     2
       Punch             |       |     2 ||     2
 Cast: Beastly Appendage |     1 |       ||     1
  Use: Potion            |       |     6 ||     6
  Eat: Chunk             |     1 |     3 ||     4
Armor: Plate armour      |    64 |    94 ||   158
       Robe              |     2 |       ||     2
Dodge: Dodged            |    14 |    31 ||    45
